 Dungeon Crawl Stone Soup version 0.31.0-32-g396128a36d (webtiles) character file.

Game seed: 74873077936386472

34 spaghetti the Trooper (level 3, 0/36 HPs)
             Began as a Naga Chaos Knight on Apr 2, 2024.
             Was a Plaything of Xom.
             Slain by a kobold
             ... wielding a +2 dagger of electrocution
              (12 damage)
             ... on level 2 of the Dungeon.
             The game lasted 00:01:42 (635 turns).

spaghetti the Trooper (Naga Chaos Knight)            Turns: 635, Time: 00:01:43

Health: 0/36       AC:  4    Str: 13 (14) XL:     3   Next: 31%
Magic:  3/3        EV:  9    Int: 12      God:    Xom [...*..]
Gold:   110        SH:  0    Dex: 12      Spells: 2/2 levels left

rFire   + .          .
                       - Unarmed
rCold   . . .        (no shield)
rNeg    . . .        a - +2 leather armour
rPois   +            (no helmet)
rElec   .            (no cloak)
rCorr   .            (no gloves)
SInv    +            (no barding)
Will    .....        (no amulet)
Stlth   +            e - ring of protection from fire
HPRegen 0.26/turn    (no ring)
MPRegen 0.08/turn

%: no passive effects
@: brilliant, short of breath, very slow
A: AC +1, large, see invisible, deformed body, poison resistance, slowness 2,
spit poison 1, naga tail 1
a: Spit Poison, Renounce Religion


You were on level 2 of the Dungeon.
You worshipped Xom.
You were a favourite toy of Xom.
You visited 1 branch of the dungeon, and saw 2 of its levels.

You collected 110 gold pieces.

Inventory:

Missiles
 d - 2 throwing nets
Armour
 a - a +2 leather armour (worn)
Jewellery
 e - a ring of protection from fire (left hand)
Scrolls
 b - a scroll of butterflies
 c - 2 scrolls of identify {unknown}
 f - a scroll of silence {unknown}
 g - a scroll of blinking {unknown}


   Skills:
 + Level 4.3 Fighting
 - Level 1.5 Armour
 - Level 0.7 Dodging
 - Level 3.0 Unarmed Combat


You had 2 spell levels left.
You didn't know any spells.
Your spell library was empty.

Dungeon Overview and Level Annotations

Branches:
Dungeon (2/15)

Altars:

Shops:
D:1 =(*(=


Innate Abilities, Weirdness & Mutations

Your serpentine skin is tough. (AC +1)
You have supernaturally acute eyesight. (SInv)
Armour fits poorly on your strangely shaped body.
Your system is resistant to poisons. (rPois)
You cover ground very slowly.
You can spit poison.
You have a snake-like lower body.


Message History

The splash of poison hits the frilled lizard.
The frilled lizard is poisoned.
You kill the frilled lizard!
No target in view!
You have got your breath back.
You now have 110 gold pieces (gained 11).
Found a whip.
h - a fuming grey potion A kobold comes into view.
It is wielding a +2 dagger of electrocution.
The kobold shouts!
A kobold is nearby!
A kobold is nearby!
The kobold hits you with a +2 dagger of electrocution.
You are electrocuted!!
Ouch! That really hurt!
You are too injured to fight recklessly!
You are too injured to fight recklessly!
You are too injured to fight recklessly!
You are too injured to fight recklessly!
You are too injured to fight recklessly!
You are too injured to fight recklessly!
You are too injured to fight recklessly!
You are too injured to fight recklessly!
You are too injured to fight recklessly!
You are too injured to fight recklessly!
You are too injured to fight recklessly!
You are too injured to fight recklessly!
Aiming: Spit Poison (2% risk of failure)
Press: ? - help, Shift-Dir - straight line, f - kobold
Aim: a kobold, wielding a +2 dagger of electrocution (50% to hit)
The splash of poison hits the kobold.
The kobold is moderately wounded.
The kobold hits you but does no damage.
Unknown command.
It was a potion of brilliance.
You feel clever all of a sudden.
The kobold hits you with a +2 dagger of electrocution.
You are electrocuted!
You die... "It was about time."

#.# #.# #.########## #.#
#.#........#
..#####.#######.###.####.#
............>##.#
#.####.#######
########.#.##.##.#
#.#...........
.........#.# .##.#
#.#.##.#######
##########.# .##K#
#.#.##.# #.#
.##@###.#.##.#
#.##.##.....#.##.#
#.##.########.##.#
##.........# #.##..
#.......##.# #.#### ####
#.......##.###.# ...#
#..............# ...#
#.†............# ...#
#.............##


You could see a kobold.

Vanquished Creatures
  A gnoll (D:1)
  3 ball pythons (D:1)
  A giant cockroach (D:1)
  5 goblins (D:1)
  4 hobgoblins (D:1)
  A kobold (D:2)
  3 bats (D:1)
  2 frilled lizards
  3 rats (D:1)
23 creatures vanquished.

Notes
Turn   | Place    | Note
-------+----------+-------------------------------------------
     0 | D:1      | spaghetti the Naga Chaos Knight began the quest for the
                  | Orb.
     0 | D:1      | Reached XP level 1. HP: 21/21 MP: 1/1
    44 | D:1      | Reached XP level 2. HP: 27/28 MP: 2/2
    56 | D:1      | Found Tanubus's Weapon Shop.
    71 | D:1      | Found Hihud's General Store.
   120 | D:1      | Reached skill level 4 in Fighting
   192 | D:1      | Reached XP level 3. HP: 36/36 MP: 3/3
   224 | D:1      | Found Ucadghafe's Jewellery Shoppe.
   274 | D:1      | Found Veleyrcho's Weapon Emporium.
   293 | D:1      | XOM: silly message
   322 | D:1      | Found Mypp's Jewellery Emporium.
   341 | D:1      | XOM: god gift: chain mail {god gift}
   567 | D:2      | XOM is BORED!
   567 | D:2      | XOM: stat loss: -1 Str (13/14)
   635 | D:2      | Slain by a kobold

Illustrated notes

Levels and vault maps discovered:
D:1:      dpeg_arrival_simpleton_c, layout_rooms, serial_shops,
          nicolae_shop_tiny_statue_garden, shop, shop, nicolae_shop_tiny_glass,
          shop
D:2:      layout_basic

Skill      XL: |  1  2 |
---------------+-------+-----
Fighting       | 4 |  4.3
Armour         | |  1.5
Dodging        | |  0.7
Unarmed Combat | |  3.0

Action                     || total
---------------------------++-------
  Melee: Unarmed           ||    45
Ability: Spit Poison       ||    10
    Use: Potion            ||     1
 Armour: Leather armour    ||    24
  Dodge: Dodged            ||    22
